[Event "4NCL Div 1 2018-19"]
[Site "Daventry"]
[Date "2018.11.11"]
[Round "2"]
[White "Milliet, Sophie"]
[Black "Abbas, Daniel"]
[Result "1-0"]
[ECO "B40"]
[WhiteElo "2371"]
[BlackElo "2281"]
[Annotator "NA"]
[PlyCount "39"]
[EventDate "2018.11.10"]
[EventType "team-tourn"]
[EventCountry "GBR"]
[SourceTitle "playchess.com"]
[Source "ChessBase"]
[SourceQuality "1"]
[TimeControl "40/6000+30:3000+30"]

1. e4 c5 2. Nf3 e6 3. b3 a6 4. Bb2 Nc6 5. c4 Qc7 6. g3 Nf6 7. e5 Ng4 8. Qe2 Be7 9. Bh3 Nh6 10. Nc3 O-O 11. Ne4 Kh8 12. O-O b5 13. Qe3 bxc4 14. bxc4 Nb4 15. Nf6 Bb7 16. a3 Qc6 17. Bg2 Nf5 18. Qb3 Nd4 19. Bxd4 cxd4 20. Nh5 1-0

[Event "4NCL Div 1 2018-19"]
[Site "Daventry"]
[Date "2018.11.11"]
[Round "2"]
[White "Sreeves, Clement"]
[Black "Rudd, Jack"]
[Result "1-0"]
[ECO "C10"]
[WhiteElo "2358"]
[BlackElo "2234"]
[Annotator "NA"]
[PlyCount "41"]
[EventDate "2018.11.10"]
[EventType "team-tourn"]
[EventCountry "GBR"]
[SourceTitle "playchess.com"]
[Source "ChessBase"]
[SourceQuality "1"]
[TimeControl "40/6000+30:3000+30"]

1. e4 c6 2. d4 d5 3. Nc3 dxe4 4. Nxe4 Nd7 5. Ng5 Ngf6 6. Bd3 e6 7. N1f3 Bd6 8. Qe2 h6 9. Ne4 Nxe4 10. Qxe4 Nf6 11. Qe2 c5 12. Bd2 O-O 13. dxc5 Bxc5 14. O-O-O Qb6 15. Ne5 Rd8 16. Kb1 Bd7 17. g4 Nd5 18. g5 Rac8 19. gxh6 g6 20. h7+ Kg7 21. h8=Q+ 1-0

[Event "4NCL Div 1 2018-19"]
[Site "Daventry"]
[Date "2018.11.11"]
[Round "2"]
[White "Kolbus, Dietmar"]
[Black "Webster, David"]
[Result "1-0"]
[ECO "A20"]
[WhiteElo "2305"]
[BlackElo "1964"]
[Annotator "NA"]
[PlyCount "55"]
[EventDate "2018.11.10"]
[EventType "team-tourn"]
[EventCountry "GBR"]
[SourceTitle "playchess.com"]
[Source "ChessBase"]
[SourceQuality "1"]
[TimeControl "40/6000+30:3000+30"]

1. c4 e5 2. Nf3 Nc6 3. d4 exd4 4. Nxd4 Nxd4 5. Qxd4 Qf6 6. Qd3 Qg6 7. e4 Bb4+ 8. Bd2 Bxd2+ 9. Nxd2 Ne7 10. g3 d6 11. Bg2 Nc6 12. f4 Bd7 13. Qc3 O-O 14. O-O Qh5 15. Rf2 Qa5 16. Qxa5 Nxa5 17. Rc1 Nc6 18. a3 a5 19. c5 dxc5 20. Rc3 c4 21. Rxc4 b6 22. Rc3 Ra7 23. Nf3 Nd8 24. Rd2 c5 25. Rcd3 f5 26. Rxd7 Rxd7 27. Rxd7 fxe4 28. Ng5 1-0

[Event "4NCL Div 1 2018-19"]
[Site "Daventry"]
[Date "2018.11.11"]
[Round "2"]
[White "Ciuksyte, Dagne"]
[Black "Adams, Philip"]
[Result "1-0"]
[ECO "A08"]
[WhiteElo "2303"]
[BlackElo "2095"]
[Annotator "NA"]
[PlyCount "111"]
[EventDate "2018.11.10"]
[EventType "team-tourn"]
[EventCountry "GBR"]
[SourceTitle "playchess.com"]
[Source "ChessBase"]
[SourceQuality "1"]
[TimeControl "40/6000+30:3000+30"]

1. e4 c5 2. Nf3 e6 3. d3 Nc6 4. g3 g6 5. Bg2 Bg7 6. O-O Nge7 7. c3 d5 8. Nbd2 O-O 9. Re1 b6 10. e5 Ba6 11. Nf1 h6 12. h4 Rc8 13. Bf4 Nf5 14. Qd2 f6 15. g4 fxe5 16. gxf5 exf4 17. Rxe6 gxf5 18. Qxf4 Qc7 19. Qd2 Rce8 20. Rae1 Qd7 21. Rxe8 Rxe8 22. Rxe8+ Qxe8 23. Ng3 Bc8 24. Qf4 Qf7 25. Bh3 Be6 26. Bxf5 Bxf5 27. Nxf5 Ne7 28. Nxe7+ Qxe7 29. Qf5 Qd6 30. h5 Kh8 31. Nh4 d4 32. Qf7 Qf6 33. Ng6+ Kh7 34. Qxf6 Bxf6 35. c4 Kg7 36. Kg2 a6 37. Kf3 Kf7 38. Ke4 b5 39. Kd5 bxc4 40. Kxc4 Ke6 41. Kxc5 Kf5 42. Kd5 Kg4 43. Ke4 Kxh5 44. Kf5 Bd8 45. b4 Bg5 46. a4 Bd2 47. b5 axb5 48. axb5 Ba5 49. Nf4+ Kh4 50. Nd5 h5 51. b6 Bxb6 52. Nxb6 Kh3 53. Nd5 Kg2 54. Nf4+ Kxf2 55. Nxh5 Ke3 56. Nf4 {[%emt 0:00:04] Ke4+} 1-0

[Event "4NCL Div 1 2018-19"]
[Site "Daventry"]
[Date "2018.11.11"]
[Round "2"]
[White "Ciuksyte, Dagne"]
[Black "Adams, Philip"]
[Result "*"]
[ECO "B33"]
[WhiteElo "2303"]
[BlackElo "2095"]
[Annotator "NA"]
[PlyCount "41"]
[EventDate "2018.11.10"]
[EventType "team-tourn"]
[EventCountry "GBR"]
[SourceTitle "playchess.com"]
[Source "ChessBase"]
[SourceQuality "1"]
[TimeControl "40/6000+30:3000+30"]

1. e4 c5 2. Nf3 Nc6 3. d4 cxd4 4. Nxd4 Nf6 5. Nc3 e5 6. Ndb5 d6 7. Bg5 a6 8. Bxf6 gxf6 9. Na3 b5 10. Nd5 f5 11. exf5 Bxf5 12. c3 Bg7 13. Nc2 Be6 14. Nce3 Ne7 15. g3 Nxd5 16. Nxd5 O-O 17. Bg2 a5 18. O-O Rb8 19. Qh5 f5 20. Rad1 Qd7 21. Rd2 *

[Event "4NCL Div 1 2018-19"]
[Site "Daventry"]
[Date "2018.11.11"]
[Round "2"]
[White "Berry, Neil"]
[Black "Blackburn, Jonathan L B"]
[Result "1/2-1/2"]
[ECO "A62"]
[WhiteElo "2274"]
[BlackElo "2212"]
[Annotator "NA"]
[PlyCount "44"]
[EventDate "2018.11.10"]
[EventType "team-tourn"]
[EventCountry "GBR"]
[SourceTitle "playchess.com"]
[Source "ChessBase"]
[SourceQuality "1"]
[TimeControl "40/6000+30:3000+30"]

1. d4 e6 2. c4 Nf6 3. g3 c5 4. d5 exd5 5. cxd5 d6 6. Nc3 g6 7. Bg2 Bg7 8. Nf3 O-O 9. O-O Re8 10. Bf4 a6 11. a4 Bf5 12. Nh4 Bg4 13. h3 Nh5 14. Bxd6 Bxe2 15. Nxe2 Qxd6 16. Nf3 Nd7 17. Nc3 b5 18. axb5 axb5 19. Nxb5 Qb6 20. Rxa8 Rxa8 21. Na3 Qxb2 22. Nc4 Qc3 1/2-1/2

[Event "4NCL Div 1 2018-19"]
[Site "Daventry"]
[Date "2018.11.11"]
[Round "2"]
[White "Stork, Oliver"]
[Black "Dargan, Paul A G"]
[Result "1/2-1/2"]
[WhiteElo "2197"]
[BlackElo "2207"]
[Annotator "NA"]
[PlyCount "20"]
[EventDate "2018.11.10"]
[EventType "team-tourn"]
[EventCountry "GBR"]
[SourceTitle "playchess.com"]
[Source "ChessBase"]
[SourceQuality "1"]
[TimeControl "40/6000+30:3000+30"]

1. c4 e5 2. g3 Nc6 3. Bg2 f5 4. Nc3 Nf6 5. e3 d5 6. cxd5 Nb4 7. d3 Nfxd5 8. Nxd5 Nxd5 9. Nf3 Bd6 10. O-O Qe7 1/2-1/2

[Event "4NCL Div 1 2018-19"]
[Site "Daventry"]
[Date "2018.11.11"]
[Round "2"]
[White "Maciol, Ryszard"]
[Black "Seger, Ruediger"]
[Result "0-1"]
[ECO "D87"]
[WhiteElo "2120"]
[BlackElo "2349"]
[Annotator "NA"]
[PlyCount "48"]
[EventDate "2018.11.10"]
[EventType "team-tourn"]
[EventCountry "GBR"]
[SourceTitle "playchess.com"]
[Source "ChessBase"]
[SourceQuality "1"]
[TimeControl "40/6000+30:3000+30"]

1. d4 Nf6 2. c4 g6 3. Nc3 d5 4. cxd5 Nxd5 5. e4 Nxc3 6. bxc3 Bg7 7. Bc4 c5 8. Ne2 Nc6 9. Be3 O-O 10. Rc1 cxd4 11. cxd4 Qa5+ 12. Kf1 Qa3 13. Qb3 Qd6 14. e5 Qd8 15. Qb2 Na5 16. Bb3 Nxb3 17. axb3 f6 18. h4 fxe5 19. dxe5 Qd5 20. Bd4 Bg4 21. f3 Bxf3 22. gxf3 Qxf3+ 23. Kg1 Qg4+ 24. Kh2 Bxe5+ 0-1

[Event "4NCL Div 1 2018-19"]
[Site "Daventry"]
[Date "2018.11.11"]
[Round "2"]
[White "Yurenok, Maria S"]
[Black "Dong, Bao Nghia"]
[Result "0-1"]
[ECO "A48"]
[WhiteElo "2005"]
[BlackElo "2144"]
[Annotator "NA"]
[PlyCount "70"]
[EventDate "2018.11.10"]
[EventType "team-tourn"]
[EventCountry "GBR"]
[SourceTitle "playchess.com"]
[Source "ChessBase"]
[SourceQuality "1"]
[TimeControl "40/6000+30:3000+30"]

1. d4 Nf6 2. Nf3 g6 3. Bg5 Bg7 4. Nbd2 c5 5. Bxf6 Bxf6 6. Ne4 Qb6 7. Nxc5 Qxb2 8. e3 Nc6 9. a3 Qc3+ 10. Nd2 d5 11. Bd3 e5 12. dxe5 Nxe5 13. Bb5+ Kf8 14. Ncb3 Nc4 15. Ra2 Bf5 16. O-O Rd8 17. Nb1 Qe5 18. Nd4 Nxe3 19. Nf3 Nxd1 20. Nxe5 Nxf2 21. Nxf7 Nh3+ 22. Kh1 Kxf7 23. gxh3 Be4+ 24. Kg1 Kg7 25. Kf2 a6 26. Bd3 Bd4+ 27. Ke2 Bg2 28. Rf4 Rhe8+ 29. Kd1 Be3 30. Rb4 Bf3+ 31. Be2 Bxe2+ 32. Kxe2 Bc5+ 33. Kd3 Bxb4 34. axb4 d4 35. Nd2 Re3+ 0-1

[Event "4NCL Div 1 2018-19"]
[Site "Daventry"]
[Date "2018.11.11"]
[Round "2"]
[White "Smith, Lynda"]
[Black "Matta, Francesca"]
[Result "1-0"]
[ECO "B26"]
[WhiteElo "1930"]
[BlackElo "1931"]
[Annotator "NA"]
[PlyCount "47"]
[EventDate "2018.11.10"]
[EventType "team-tourn"]
[EventCountry "GBR"]
[SourceTitle "playchess.com"]
[Source "ChessBase"]
[SourceQuality "1"]
[TimeControl "40/6000+30:3000+30"]

1. e4 c5 2. Nc3 d6 3. g3 Nc6 4. Bg2 g6 5. d3 Bg7 6. Be3 e6 7. Qd2 Nge7 8. Bh6 O-O 9. h4 f5 10. Bxg7 Kxg7 11. h5 Qe8 12. Nf3 gxh5 13. Nb5 Qd8 14. Qg5+ Ng6 15. Qxh5 Rh8 16. Qh6+ Kf6 17. Ng5 a6 18. Nc3 Nd4 19. O-O-O Rb8 20. Nxh7+ Kf7 21. exf5 Nxf5 22. Ng5+ Kf6 23. Nce4+ Ke7 24. Qxg6 1-0